 Dungeon Crawl Stone Soup version 0.20.1-1-g8b1a95d (webtiles) character file.

2750 Irenicus the Cleaver (level 9, 0/73 (75) HPs)
             Began as a Deep Dwarf Necromancer on Nov 7, 2017.
             Was an Initiate of Makhleb.
             Killed from afar by an electric eel (7 damage)
             ... with a bolt of electricity
             ... on level 8 of the Dungeon.
             The game lasted 00:33:31 (3911 turns).

Irenicus the Cleaver (Deep Dwarf Necromancer)       Turns: 3911, Time: 00:33:32

HP:   0/73 (75)     AC:  6    Str: 12    XL:     9   Next: 41%
MP:   14/24         EV: 12    Int: 16    God:    Makhleb [......]
Gold: 89            SH:  0    Dex: 16    Spells: 0/16 levels left

rFire    . . .     SeeInvis .   C - +2 war axe (venom)
rCold    . . .     Gourm    .   (no shield)
rNeg     . . .     Faith    .   s - +0 leather armour (curse)
rPois    .         Spirit   .   (no helmet)
rElec    .         Reflect  .   q - +0 cloak
rCorr    .         Harm     .   l - +0 pair of gloves
MR       +....                  B - +0 pair of boots
Stlth    +.........             (no amulet)
Regen    0.0/turn               j - +3 ring of slaying
MPRegen  0.2/turn               r - ring of magical power

@: non-regenerating, very slow
A: damage resistance, heal wounds, sense surroundings 2, no regeneration
a: Heal Wounds, Renounce Religion


You were on level 8 of the Dungeon.
You worshipped Makhleb.
Makhleb was noncommittal.
You were not hungry.

You visited 2 branches of the dungeon, and saw 9 of its levels.
You also visited: Ossuary.

You collected 374 gold pieces.
You spent 285 gold pieces at shops.

Inventory:

Hand Weapons
 C - a +2 war axe of venom (weapon)
Armour
 l - a +0 pair of gloves (worn)
 q - a +0 cloak (worn)
 s - a cursed +0 leather armour (worn)
 B - a +0 pair of boots (worn)
Jewellery
 j - a +3 ring of slaying (left hand)
 r - a ring of magical power (right hand)
 u - a +3 ring of dexterity
 I - an uncursed ring of protection from magic
Wands
 w - a wand of flame (0/48)
 E - a wand of scattershot (2/9)
Scrolls
 d - a scroll of recharging
 e - 11 scrolls of remove curse
 i - 3 scrolls of teleportation {unknown}
 m - a scroll of enchant weapon {unknown}
 v - 5 scrolls of immolation {unknown}
 x - a scroll of blinking {unknown}
 y - a scroll of magic mapping {unknown}
 A - 2 scrolls of enchant armour
 F - 3 scrolls of amnesia
 J - a scroll of holy word {unknown}
 L - a scroll of noise {unknown}
Potions
 f - 6 potions of agility
 g - 5 potions of curing
 h - 3 potions of might
 k - 2 potions of flight
 n - 2 potions of brilliance
 D - 2 potions of heal wounds
Books
 b - a book of Necromancy

   Spells                             Type                      Level
   a - Pain                           Necromancy                   1
   b - Animate Skeleton               Necromancy                   1
   c - Vampiric Draining              Necromancy                   3
   d - Regeneration                   Charms/Necromancy            3
   e - Animate Dead                   Necromancy                   4
   f - Control Undead                 Necromancy                   4
 o - a book of Geomancy

   Spells                             Type                      Level
   a - Sandblast                      Earth                        1
   b - Passwall                       Transmutation/Earth          2
   c - Stone Arrow                    Conjuration/Earth            3
   d - Petrify                        Transmutation/Earth          4
   e - Lee's Rapid Deconstruction     Earth                        5
 G - a book of Changes

   Spells                             Type                      Level
   a - Beastly Appendage              Transmutation                1
   b - Sticks to Snakes               Transmutation                2
   c - Spider Form                    Transmutation/Poison         3
   d - Ice Form                       Ice/Transmutation            4
   e - Blade Hands                    Transmutation                5
 H - a book of Minor Magic

   Spells                             Type                      Level
   a - Magic Dart                     Conjuration                  1
   b - Blink                          Translocation                2
   c - Call Imp                       Summoning                    2
   d - Slow                           Hexes                        2
   e - Conjure Flame                  Conjuration/Fire             3
   f - Mephitic Cloud                 Conjuration/Poison/Air       3
Comestibles
 a - 3 meat rations
 c - 7 bread rations
 p - 3 royal jellies


   Skills:
 - Level 3.0 Fighting
 - Level 9.3 Axes
 - Level 2.1 Dodging
 - Level 2.4 Stealth
 - Level 4.1 Spellcasting
 - Level 8.1 Necromancy
 * Level 2.2 Transmutations
 * Level 3.5 Earth Magic
 - Level 2.7 Evocations


You couldn't memorise any spells.
You knew the following spells:

 Your Spells              Type           Power        Failure   Level  Hunger
a - Pain                  Necr           ####         1%          1    None
b - Animate Skeleton      Necr           N/A          1%          1    None
c - Control Undead        Necr           ####......   8%          4    ####...
d - Animate Dead          Necr           N/A          8%          4    ####...
e - Vampiric Draining     Necr           ####......   2%          3    ###....
f - Passwall              Tmut/Erth      ##........   10%         2    ##.....
g - Beastly Appendage     Tmut           ##....       9%          1    None


Dungeon Overview and Level Annotations

Branches:
Dungeon (8/15)             Temple (1/1) D:6
   Lair: D:8-11

Altars:
Ashenzari
Elyvilon
Fedhas
Makhleb
Nemelex Xobeh
Qazlal
Ru
Sif Muna
Trog
Uskayaw
Vehumet
Xom
Yredelemnul
Zin
The Shining One

Shops:
D:4 *   D:6 !

Annotations:
D:4 Tenz's ghost, amateur GrEn


Innate Abilities, Weirdness & Mutations

You are resistant to damage.
You can heal yourself by infusing magical energy.
You passively map the area around you.
You do not regenerate.


Message History

The bolt of electricity hits the plant.
The bolt of electricity misses you.
The electric eel shoots out a bolt of lightning at you!
The bolt of electricity hits the plant. x2; The bolt of electricity hits you!
Your quokka skeleton splashes around in the water.
The electric eel shoots out a bolt of lightning at you!
The bolt of electricity hits you!
* * * LOW HITPOINT WARNING * * *
The electric eel shoots out a bolt of lightning at you!
The bolt of electricity hits the electric eel.
The electric eel completely resists.
The bolt of electricity hits you!
* * * LOW HITPOINT WARNING * * *
Your quokka skeleton misses the electric eel.
The electric eel shoots out a bolt of lightning at you!
The bolt of electricity hits you!
* * * LOW HITPOINT WARNING * * *
The electric eel shoots out a bolt of lightning at you!
The bolt of electricity hits your quokka skeleton.
Your quokka skeleton is destroyed!
The bolt of electricity hits the plant.
The bolt of electricity hits you!
You die...

# # ## ##########
.#####...(....##
.......♣≈≈≈≈≈÷≈♣ ###
###≈≈♣♣♣≈♣♣♣♣♣≈♣♣P≈♣#
♣♣♣≈≈≈≈≈≈♣≈≈≈≈@♣≈≈♣♣
≈≈≈P≈≈≈≈≈≈≈≈P;≈;P♣
≈≈≈≈≈≈≈≈≈≈≈≈≈≈P≈♣≈≈≈♣ ≈≈
≈≈≈≈≈≈≈≈≈≈≈≈≈≈≈≈≈≈≈♣ ≈
≈≈≈≈≈≈≈≈≈≈≈≈≈≈≈≈♣≈≈≈≈ ≈≈
≈≈≈≈≈≈≈≈≈≈≈≈P≈≈P≈≈P ≈
≈≈≈≈≈≈≈≈≈≈≈≈≈≈≈≈≈≈P≈;≈≈≈≈≈,
≈ *≈ ≈≈≈≈≈≈≈≈≈≈♣≈≈≈≈≈ ≈ ≈
≈≈≈≈≈≈≈≈♣P≈♣≈≈≈ * *


You could see 3 electric eels.

Vanquished Creatures
  Joseph (D:7)
  A hornet (D:7)
  A hippogriff (D:8)
  Sigmund (D:4)
  A water moccasin (D:7)
  An ice beast (D:7)
  A necrophage (D:8)
  2 phantoms
  2 ogres
  A centaur (D:8)
  2 bullfrogs (D:7)
  A scorpion (D:7)
  2 crimson imps
  5 howler monkeys
  A hound (D:6)
  2 jellies
  A quasit (D:7)
  2 orc wizards
  Crazy Yiuf (D:7)
  2 iguanas
  5 worker ants
  8 mummies (Ossuary)
  A hound skeleton (D:5)
  A worker ant zombie (D:5)
  7 adders
  2 shadow imps
  An adder skeleton (D:6)
  3 worms
  A leopard gecko (D:2)
  19 orcs
  2 ball pythons
  5 giant cockroaches
  A gnoll zombie (Ossuary)
  9 goblins
  6 hobgoblins
  5 quokkas
  7 bats
  A frilled lizard (D:3)
  4 kobolds
  5 kobold zombies (Ossuary)
  A leopard gecko skeleton (D:5)
  2 orc zombies (Ossuary)
  7 rats
  2 fungi (D:7)
136 creatures vanquished.

Vanquished Creatures (collateral kills)
  An ogre (D:5)
  A hound (D:5)
  3 orcs
5 creatures vanquished.

Grand Total: 141 creatures vanquished

Notes
Turn   | Place    | Note
-------+----------+-------------------------------------------
     0 | D:1      | Irenicus the Deep Dwarf Necromancer began the quest for the Orb.
     0 | D:1      | Reached XP level 1. HP: 15/15 MP: 3/3
   378 | D:1      | Reached XP level 2. HP: 22/22 MP: 2/4
   475 | D:2      | Reached skill level 5 in Necromancy
   639 | D:2      | Found a deep blue altar of Sif Muna.
   648 | D:2      | Found a glowing golden altar of the Shining One.
   738 | D:2      | Learned a level 1 spell: Animate Skeleton
   759 | D:2      | Reached XP level 3. HP: 14/28 MP: 3/6
  1000 | D:2      | You fall through a shaft!
  1011 | D:3      | Learned a level 3 spell: Vampiric Draining
  1251 | D:3      | Reached skill level 1 in Axes
  1264 | D:3      | Reached XP level 4. HP: 18/36 MP: 1/8
  1320 | D:4      | Noticed Sigmund
  1338 | D:4      | Reached skill level 2 in Axes
  1352 | D:4      | Killed Sigmund
  1352 | D:4      | Reached skill level 4 in Axes
  1352 | D:4      | Reached XP level 5. HP: 24/42 MP: 3/9
  1427 | D:4      | Reached skill level 5 in Axes
  1427 | D:4      | Reached XP level 6. HP: 23/49 MP: 4/10
  1531 | D:4      | Found Raifom's Assorted Antiques.
  1648 | D:4      | Found a sand-covered staircase.
  1655 | Ossuary  | Entered an ossuary
  1689 | Ossuary  | Reached skill level 6 in Axes
  1790 | Ossuary  | Reached skill level 1 in Evocations
  1893 | D:4      | Noticed Tenz's ghost (amateur GrEn)
  1979 | D:5      | Entered Level 5 of the Dungeon
  1979 | D:5      | Found a sparkling altar of Nemelex Xobeh.
  2152 | D:5      | Reached XP level 7. HP: 11/56 MP: 11/11
  2370 | D:5      | Learned a level 4 spell: Control Undead
  2467 | D:5      | Found a white marble altar of Elyvilon.
  2753 | D:6      | Found Xecuag's Distillery.
  2915 | D:6      | Reached XP level 8. HP: 56/63 MP: 12/12
  2922 | D:6      | Learned a level 4 spell: Animate Dead
  2943 | D:6      | Found a staircase to the Ecumenical Temple.
  2950 | Temple   | Entered the Ecumenical Temple
  3000 | Temple   | Became a worshipper of Makhleb the Destroyer
  3086 | D:7      | Found a runed door.
  3090 | D:7      | Noticed Crazy Yiuf
  3094 | D:7      | Killed Crazy Yiuf
  3179 | D:7      | Found a blossoming altar of Fedhas.
  3200 | D:7      | Reached skill level 1 in Fighting
  3349 | D:7      | Reached skill level 7 in Axes
  3540 | D:7      | Noticed Joseph
  3552 | D:7      | Killed Joseph
  3552 | D:7      | Reached skill level 8 in Axes
  3552 | D:7      | Gained mutation: You passively map the area around you. [Deep Dwarf growth]
  3552 | D:7      | Reached XP level 9. HP: 32/75 MP: 1/15
  3611 | D:7      | Paralysed by a hornet for 2 turns
  3620 | D:7      | Reached skill level 9 in Axes
  3675 | D:4      | Bought a papyrus book for 285 gold pieces
  3678 | D:4      | Learned a level 2 spell: Passwall
  3680 | D:4      | Learned a level 1 spell: Beastly Appendage
  3751 | D:8      | Reached skill level 1 in Earth Magic
  3774 | D:8      | Reached skill level 1 in Transmutations
  3797 | D:8      | Noticed a hand axe
  3798 | D:8      | Noticed a hand axe
  3800 | D:8      | Found a hide-covered altar of Uskayaw.
  3911 | D:8      | Killed from afar by an electric eel

Skill      XL: |  1  2  3  4  5  6  7  8  9 |
---------------+----------------------------+-----
Necromancy     | 5 8 |  8.1
Spellcasting   | 2 3 4 |  4.1
Axes           | 1 4 5 6 8 9 |  9.3
Evocations     | 2 |  2.7
Fighting       | 3 |  3.0
Earth Magic    | 3 |  3.5
Transmutations | 2 |  2.2
Dodging        | |  2.1
Stealth        | |  2.4

Action                   |  1- 3 |  4- 6 |  7- 9 || total
-------------------------+-------+-------+-------++-------
Melee: Unarmed           |     1 |       |       ||     1
       Dagger            |    32 |       |       ||    32
       Hand axe          |     5 |    20 |       ||    25
       Rapier            |     4 |       |       ||     4
       War axe           |       |    45 |    98 ||   143
       Headbutt          |       |       |     1 ||     1
 Cast: Pain              |    59 |     5 |    10 ||    74
       Animate Skeleton  |     6 |     4 |    12 ||    22
       Vampiric Draining |     2 |    14 |    51 ||    67
       Passwall          |       |       |     1 ||     1
       Beastly Appendage |       |       |     1 ||     1
Evoke: Wand              |       |    11 |     1 ||    12
  Use: Potion            |     1 |     6 |     4 ||    11
       Scroll            |     5 |     2 |     3 ||    10
 Stab: Distracted        |       |     1 |       ||     1
       Sleeping          |       |       |     1 ||     1
  Eat: Fruit             |     3 |       |     2 ||     5
       Chunk             |     2 |     2 |     9 ||    13
Armor: Leather armour    |     8 |     8 |    30 ||    46
Dodge: Dodged            |    23 |    33 |    87 ||   143
